 Dungeon Crawl Stone Soup version 0.30-a0-137-gd8773701ce (webtiles) character file.

Game seed: 1180870851821144073

23 blackman the Slasher (level 2, -1/25 HPs)
             Began as a Demigod Fighter on Sept 22, 2022.
             Slain by a quokka (3 damage)
             ... on level 1 of the Dungeon.
             The game lasted 00:00:28 (436 turns).

blackman the Slasher (Demigod Fighter)               Turns: 436, Time: 00:00:28

Health: -1/25      AC:  6    Str: 17    XL:     2   Next: 57%
Magic:  4/4        EV:  8    Int: 10    God:
Gold:   0          SH:  4    Dex: 13    Spells: 1/1 levels left

rFire   . . .      SeeInvis .    a - +0 long sword
rCold   . . .      Faith    .    c - +0 buckler
rNeg    . . .      Spirit   .    b - +0 scale mail
rPois   .          Reflect  .    (no helmet)
rElec   .          Harm     .    (no cloak)
rCorr   .          Rampage  .    (no gloves)
Will    .....                    (no boots)
Stlth   ..........               (no amulet)
HPRegen 0.08/turn                (no ring)
MPRegen 0.09/turn                (no ring)

@: no status effects
A: high MP 1, forlorn, divine attributes
a: no special abilities


You were on level 1 of the Dungeon.
You visited 1 branch of the dungeon, and saw 1 of its levels.

Inventory:

Hand Weapons
 a - a +0 long sword (weapon)
Armour
 b - a +0 scale mail (worn)
 c - a +0 buckler (worn)
Scrolls
 e - a scroll of immolation {unknown}
Potions
 d - a potion of might


   Skills:
 - Level 2.6 Fighting
 + Level 3.0 Long Blades
 - Level 2.6 Armour
 - Level 2.6 Shields


You had one spell level left.
You didn't know any spells.
Your spell library was empty.

Dungeon Overview and Level Annotations

Branches:
Dungeon (1/15)


Innate Abilities, Weirdness & Mutations

You have an increased reservoir of magic. (+10% MP)
You shall have no god before yourself.
Your divine heritage dramatically boosts your attributes as you level up.


Message History

The quokka bites you but does no damage.
The gnoll barely misses you. The quokka bites you.
You closely miss the gnoll.
The gnoll is heavily wounded.
The quokka bites you but does no damage.
The gnoll hits you with a +0 club.
The giant cockroach completely misses you.
The gnoll hits you but does no damage.
The quokka bites you but does no damage.
You completely miss the gnoll.
The gnoll is moderately wounded.
The giant cockroach barely misses you. You block the quokka's attack.
The gnoll hits you but does no damage. The giant cockroach barely misses you.
You closely miss the gnoll.
The gnoll is moderately wounded.
The quokka bites you but does no damage.
The gnoll hits you with a +0 club. You block the giant cockroach's attack.
The quokka barely misses you.
You barely miss the gnoll.
The gnoll is moderately wounded.
You block the giant cockroach's attack. The gnoll hits you with a +0 club.
The quokka bites you. You block the giant cockroach's attack.
The gnoll hits you with a +0 club. The quokka barely misses you.
You hit the gnoll.
The gnoll is severely wounded.
The giant cockroach closely misses you. The quokka barely misses you.
The gnoll hits you with a +0 club.
* * * LOW HITPOINT WARNING * * *
The giant cockroach bites you.
* * * LOW HITPOINT WARNING * * *
You slash the gnoll!
You kill the gnoll!
The quokka barely misses you. The giant cockroach bites you.
* * * LOW HITPOINT WARNING * * *
The quokka bites you.
* * * LOW HITPOINT WARNING * * *
Your Long Blades skill increases to level 3!
You closely miss the giant cockroach. You block the giant cockroach's attack.
The quokka bites you.
You die...

#........ #
###........ B
...........
###.#..........
....#>.........
....#........
#..)r......
#.B@.......
#..........
#..........
#.....#####
#.....# ##....#
#..###
#+#####.#
........##


You could see a quokka and a giant cockroach.

Vanquished Creatures
  A gnoll (D:1)
  A dart slug (D:1)
  A goblin (D:1)
  A hobgoblin (D:1)
  2 jackals (D:1)
  3 quokkas (D:1)
  A rat (D:1)
10 creatures vanquished.

Notes
Turn   | Place    | Note
-------+----------+-------------------------------------------
     0 | D:1      | blackman the Demigod Fighter began the quest for the Orb.
     0 | D:1      | Reached XP level 1. HP: 18/18 MP: 3/3
    36 | D:1      | Reached skill level 2 in Long Blades
   369 | D:1      | Reached XP level 2. HP: 25/25 MP: 4/4
   436 | D:1      | Reached skill level 3 in Long Blades
   436 | D:1      | Slain by a quokka

Illustrated notes

Levels and vault maps discovered:
D:1:      ebering_trefoil_twist, layout_basic, minmay_rat_gold_closets

Skill      XL: |  1  2 |
---------------+-------+-----
Long Blades    | 2 3 |  3.0
Fighting       | |  2.6
Armour         | |  2.6
Shields        | |  2.6

Action                   || total
-------------------------++-------
Melee: Long sword        ||    43
Armor: Scale mail        ||    21
Dodge: Dodged            ||    36
Block: Buckler           ||    17

Table legend: (Time is in decaauts)
 A = Elapsed time spent in this place.
 B = Non-inter-level travel time spent in this place.
 C = Inter-level travel time spent in this place.
 D = Time resting spent in this place.
 E = Time spent auto-exploring this place.
 F = Levels seen in this place.
 G = Mean time per level.
                   A        B        C        D        E       F      G
               +--------+--------+--------+--------+--------+-----+--------+
         Total |    450 |    450 |      0 |      0 |    362 |   1 |  450.0 |
       Dungeon |    450 |    450 |      0 |      0 |    362 |   1 |  450.0 |
               +--------+--------+--------+--------+--------+-----+--------+

Top non-repeatable levels by time:
     D:1: 450 daAuts
